 Dungeon Crawl Stone Soup version 0.28-a0-1190-g77e1c55843 (webtiles) character file.

Game seed: 4317921367061421860

1591 Decritt the Skirmisher (level 8, -1/74 HPs)
             Began as a Hill Orc Fighter on Dec 18, 2021.
             Was an Initiate of Qazlal.
             Slain by a red ugly thing (20 damage)
             ... on level 7 of the Dungeon.
             The game lasted 00:19:20 (9042 turns).

Decritt the Skirmisher (Hill Orc Fighter)           Turns: 9042, Time: 00:19:20

Health: -1/74      AC: 14    Str: 21    XL:     8   Next: 93%
Magic:  10/10      EV: 11    Int:  8    God:    Qazlal [......]
Gold:   261        SH:  5    Dex: 13    Spells: 7/7 levels left

rFire   . . .      SeeInvis +   o - +9 falchion "Giantslayer" {freeze, Dex+3}
rCold   . . .      Faith    +   c - +0 buckler
rNeg    . . .      Spirit   .   n - +3 ring mail "Atzoref" {SInv}
rPois   .          Reflect  .   m - +0 helmet
rElec   .          Harm     .   (no cloak)
rCorr   +          Rampage  .   (no gloves)
Will    .....                   (no boots)
Stlth   +.........              j - amulet of faith
HPRegen 0.22/turn               k - ring of resist corrosion
MPRegen 0.12/turn               y - +4 ring of protection

@: no status effects
A: no striking features
a: Renounce Religion


You were on level 7 of the Dungeon.
You worshipped Qazlal.
Qazlal was noncommittal.
You visited 2 branches of the dungeon, and saw 8 of its levels.
You also visited: Sewer.

You collected 437 gold pieces.
You spent 176 gold pieces at shops.

Inventory:

Hand Weapons
 a - a +0 war axe
 o - the +9 falchion "Giantslayer" (weapon) {freeze, Dex+3}
   (You found it on level 5 of the Dungeon)

   It freezes those it strikes, dealing additional cold damage.
   It can also slow down cold-blooded creatures.
   Dex:       It affects your dexterity (+3).
Missiles
 e - 3 poisoned darts (quivered)
Armour
 c - a +0 buckler (worn)
 d - a +0 plate armour
 m - a +0 helmet (worn)
 n - the +3 ring mail "Atzoref" (worn) {SInv}
   (You found it on level 5 of the Dungeon)

   SInv:      It lets you see invisible.
Jewellery
 j - an amulet of faith (around neck)
 k - a ring of resist corrosion (left hand)
 t - an amulet of the acrobat
 y - a +4 ring of protection (right hand)
 z - a ring of fire
Wands
 p - a wand of paralysis (13)
Scrolls
 i - a scroll of vulnerability
 q - a scroll of enchant armour {unknown}
 v - a scroll of enchant weapon {unknown}
Potions
 b - a potion of brilliance {unknown}
 f - 3 potions of flight
 g - a potion of ambrosia
 h - a potion of resistance {unknown}
 l - 2 potions of lignification
 r - a potion of berserk rage {unknown}
 s - a potion of magic
 u - 2 potions of attraction
 w - 4 potions of curing
 x - 4 potions of heal wounds


   Skills:
 * Level 7.8 Fighting
 + Level 7.6 Axes
 + Level 0.0 Throwing
 * Level 6.4 Armour
 + Level 1.7 Dodging
 + Level 5.6 Shields
 + Level 2.9 Invocations


You had 7 spell levels left.
You didn't know any spells.
Your spell library contained the following spells:

 Spells                   Type           Power      Damage    Failure   Level
 Beastly Appendage        Tmut           0%         N/A       56%         1
 Shock                    Conj/Air       0%         1d3       56%         1
 Wereblood                Tmut           0%         N/A       71%         2
 Spider Form              Tmut/Pois      0%         N/A       90%         3
 Swiftness                Air            0%         N/A       90%         3
 Airstrike                Air            0%         N/A       100%        4


Dungeon Overview and Level Annotations

Branches:
Dungeon (7/15)             Temple (1/1) D:4           Sewer (visited)

Altars:
Ashenzari
Cheibriados
Dithmenos
Elyvilon
Fedhas
Gozag
Hepliaklqana
Kikubaaqudgha
Makhleb
Nemelex Xobeh
Okawaru
Qazlal
Ru
Sif Muna
Trog
Vehumet
Wu Jian
Yredelemnul
The Shining One

Shops:
D:1 [[   D:2 :   D:3 !   D:6 !

Annotations:
D:3 Pargi


Message History

You throw a poisoned dart. The poisoned dart hits the gnoll.
The gnoll is poisoned.
The gnoll barely misses you.
You throw a poisoned dart. The poisoned dart hits the gnoll.
The gnoll looks even sicker.
The gnoll is lightly wounded.
The gnoll hits you from afar with a +0 spear.
You throw a poisoned dart.
The poisoned dart barely misses the gnoll.
The gnoll hits you but does no damage.
You throw a poisoned dart.
The poisoned dart closely misses the gnoll.
The gnoll hits you but does no damage. The gnoll closely misses you.
Items here: ( )) [.
You slash the gnoll! You freeze the gnoll.
You kill the gnoll!
Qazlal accepts your kill.
No target in view!
No target in view!
A red ugly thing comes into view.
You throw a poisoned dart.
The poisoned dart barely misses the red ugly thing.
The red ugly thing gurgles horribly!
You slash the red ugly thing! You freeze the red ugly thing.
The red ugly thing is moderately wounded.
The red ugly thing kicks you but does no damage.
You hit the red ugly thing. You freeze the red ugly thing.
The red ugly thing is heavily wounded.
You block the red ugly thing's attack.
You closely miss the red ugly thing.
The red ugly thing is heavily wounded.
The red ugly thing kicks you but does no damage.
The red ugly thing kicks you!
You are engulfed in flames!!
* * * LOW HITPOINT WARNING * * *
You slash the red ugly thing! You freeze the red ugly thing.
The red ugly thing is severely wounded.
The red ugly thing kicks you!
* * * LOW HITPOINT WARNING * * *
You are engulfed in flames!!
You die...

.....
#..#####.
.....
##..##.. ....
#..##.# ##+#
##.##.#######
#.>.........
####.#######
#...#
#.######
#.)@u((#
######(#


You could see a red ugly thing.

Vanquished Creatures
  A wyvern (D:6)
  Duvessa (D:6)
  A sky beast (D:6)
  2 ogres
  A necrophage (D:5)
  A centaur (D:6)
  A kobold brigand (Sewer)
  A gnoll sergeant (D:7)
  A scorpion (D:5)
  Dowan (D:6)
  4 wights (D:6)
  A centaur skeleton (D:5)
  4 jellies
  An orc priest (D:5)
  Jessica (D:3)
  2 iguanas (D:5)
  Ijyb (D:3)
  A hound skeleton (D:4)
  Robin (D:1)
  3 gnolls (D:7)
  5 adders
  3 river rats
  3 worms
  3 dart slugs
  12 orcs
  7 bats
  6 endoplasms
  3 giant cockroaches
  14 goblins
  13 hobgoblins
  4 jackals
  7 quokkas
  2 ball pythons
  A frilled lizard (D:2)
  13 kobolds
  9 rats
135 creatures vanquished.

Notes
Turn   | Place    | Note
-------+----------+-------------------------------------------
     0 | D:1      | Decritt the Hill Orc Fighter began the quest for the Orb.
     0 | D:1      | Reached XP level 1. HP: 19/19 MP: 1/1
   128 | D:1      | Found Zocia's Armour Shoppe.
   239 | D:1      | Reached XP level 2. HP: 27/27 MP: 2/2
   285 | D:1      | Found Waul's Antique Armour Boutique.
  1304 | D:2      | Reached XP level 3. HP: 33/33 MP: 3/3
  1688 | D:2      | Noticed Robin
  1916 | D:1      | Killed Robin
  1917 | D:1      | Reached XP level 4. HP: 39/40 MP: 4/4
  2367 | D:2      | Found Ycoen's Book Boutique.
  2854 | D:3      | Noticed Ijyb
  2867 | D:3      | Paralysed by Ijyb for 2 turns
  2873 | D:3      | Killed Ijyb
  2874 | D:3      | Reached XP level 5. HP: 36/47 MP: 5/5
  3291 | D:3      | Noticed Jessica
  3295 | D:3      | Killed Jessica
  3423 | D:3      | Found a burning altar of Makhleb.
  3549 | D:3      | Found a white marble altar of Elyvilon.
  3631 | D:3      | Found a faded altar of an unknown god.
  3665 | D:3      | Found Mut Deki's Distillery.
  3715 | D:3      | Found a basalt altar of Yredelemnul.
  3715 | D:3      | Found a broken altar of Ashenzari.
  3917 | D:4      | Reached skill level 5 in Fighting
  4171 | D:4      | Found a staircase to the Ecumenical Temple.
  4181 | Temple   | Entered the Ecumenical Temple
  4401 | D:4      | Noticed Pargi
  4436 | D:4      | HP: 1/48 [Pargi (3)]
  5528 | D:5      | Entered Level 5 of the Dungeon
  5545 | D:5      | Reached skill level 5 in Axes
  5545 | D:5      | Reached XP level 6. HP: 47/56 MP: 6/6
  6047 | D:5      | Reached XP level 7. HP: 33/62 MP: 7/7
  6531 | D:5      | Reached skill level 5 in Armour
  6733 | D:5      | Identified the +9 falchion "Giantslayer" {freeze, Dex+3}
  6767 | D:5      | Found a stormy altar of Qazlal.
  6792 | D:5      | Identified the +3 ring mail "Atzoref" {SInv}
  6829 | D:5      | Became a worshipper of Qazlal Stormbringer
  7178 | D:6      | Noticed Duvessa
  7178 | D:6      | Noticed Dowan
  7184 | D:6      | Killed Duvessa
  7185 | D:6      | Reached skill level 5 in Shields
  7188 | D:6      | Killed Dowan
  7189 | D:6      | Reached skill level 1 in Invocations
  7196 | D:6      | Found Rehuah's Distillery.
  7204 | D:6      | Bought a potion of curing for 33 gold pieces
  7204 | D:6      | Bought a potion of curing for 33 gold pieces
  7204 | D:6      | Bought 2 potions of heal wounds for 110 gold pieces
  7222 | D:6      | Reached XP level 8. HP: 58/71 MP: 8/8
  7240 | D:6      | Reached skill level 1 in Dodging
  7298 | D:6      | Found a glowing drain.
  7309 | Sewer    | Entered a sewer
  7865 | Sewer    | Found a glowing silver altar of Zin.
  7998 | D:6      | Found an iron altar of Okawaru.
  8668 | D:6      | Noticed a wyvern
  8672 | D:6      | Killed a wyvern
  8721 | D:6      | Found an opulent altar of Gozag.
  9037 | D:7      | Noticed a red ugly thing
  9042 | D:7      | Slain by a red ugly thing

Illustrated notes

Levels and vault maps discovered:
D:1:      dpeg_arrival_water_fire, layout_basic, serial_shops, shop_fountains,
          shop
D:2:      minmay_inner_zag, layout_loops_corners, serial_shops,
          nicolae_shop_advertising_works [nicolae_subvault_shop_adworks],
          minmay_tetromino_o2, uniq_robin
D:3:      layout_loops_ring, lightli_temple_of_fire,
          gammafunk_temple_overflow_elements, lemuel_round_altar, serial_shops,
          nicolae_shop_crystal, shapermc_ecumenical_altar_mp_vishouse,
          uniq_ijyb, uniq_jessica
D:4:      layout_rooms, minmay_temple_entry_poolview,
          kennysheep_generic_room_14, uniq_pargi
D:5:      minmay_evil_eye, layout_loops_ring, lemuel_tele_altar
D:6:      layout_basic, nicolae_gozag_seed_capital,
          mainiacjoe_overflow_24_doors, portal_sewer_entry_e, serial_shops,
          shop_statue, uniq_duvessa
D:7:      layout_basic, chequers_serial_rivers_micro_d, uniq_crazy_yiuf_cottage,
          uniq_joseph
Temple:   minmay_temple_bridge_abc

Skill      XL: |  1  2  3  4  5  6  7  8 |
---------------+-------------------------+-----
Axes           | 3 4 5 6 7 |  7.6
Fighting       | 4 5 6 7 |  7.8
Shields        | 4 5 |  5.6
Armour         | 4 5 6 |  6.4
Invocations    | 1 2 |  2.9
Dodging        | 1 |  1.7

Action                   |  1- 3 |  4- 6 |  7- 9 || total
-------------------------+-------+-------+-------++-------
Melee: War axe           |   100 |       |       ||   100
       Club              |       |   275 |    74 ||   349
       Falchion          |       |       |    86 ||    86
Throw: Dart              |     3 |       |    16 ||    19
  Use: Scroll            |       |     6 |     6 ||    12
       Potion            |       |     1 |     2 ||     3
 Stab: Distracted        |       |     1 |       ||     1
Armor: Scale mail        |    59 |   148 |       ||   207
       Plate armour      |       |    20 |    45 ||    65
       Ring mail         |       |       |    37 ||    37
Dodge: Dodged            |    37 |   134 |    71 ||   242
Block: Buckler           |    21 |    67 |    54 ||   142

Table legend: (Time is in decaauts)
 A = Elapsed time spent in this place.
 B = Non-inter-level travel time spent in this place.
 C = Inter-level travel time spent in this place.
 D = Time resting spent in this place.
 E = Time spent auto-exploring this place.
 F = Levels seen in this place.
 G = Mean time per level.
                   A        B        C        D        E       F      G
               +--------+--------+--------+--------+--------+-----+--------+
         Total |   9194 |   8886 |    308 |   1889 |   5350 |   9 | 1021.6 |
       Dungeon |   8348 |   8049 |    299 |   1422 |   5078 |   7 | 1192.6 |
        Temple |    191 |    182 |      9 |      0 |    170 |   1 |  191.0 |
         Sewer |    653 |    653 |      0 |    467 |    102 |   1 |  653.0 |
               +--------+--------+--------+--------+--------+-----+--------+

Top non-repeatable levels by time:
     D:3: 1699 daAuts
     D:5: 1634 daAuts
     D:2: 1599 daAuts
     D:1: 1468 daAuts
     D:6: 1204 daAuts
   Sewer: 653 daAuts
     D:4: 653 daAuts
  Temple: 191 daAuts
     D:7: 89 daAuts
